 Dungeon Crawl Stone Soup version 0.28.0-43-g3370ac3207 (webtiles) character file.

Game seed: 10807348414958964822

182 themarg the Cudgeller (level 5, -23/41 HPs)
             Began as a Palentonga Warper on Mar 3, 2022.
             Killed from afar by Ijyb (25 damage)
             ... with a bolt of acid
             ... on level 3 of the Dungeon.
             The game lasted 00:13:51 (3083 turns).

themarg the Cudgeller (Palentonga Warper)           Turns: 3083, Time: 00:13:52

Health: -23/41     AC:  7    Str: 14    XL:     5   Next: 35%
Magic:  5/9        EV:  9    Int: 15    God:
Gold:   84         SH:  0    Dex: 10    Spells: 7/9 levels left

rFire   . . .      SeeInvis +   a - +0 mace
rCold   . . .      Faith    .   (no shield)
rNeg    . . .      Spirit   .   b - +0 leather armour
rPois   .          Reflect  .   m - +1 helmet
rElec   .          Harm     .   p - +0 cloak
rCorr   .          Rampage  .   (no gloves)
Will    .....                   (no barding)
Stlth   +.........              (no amulet)
HPRegen 0.13/turn               (no ring)
MPRegen 0.11/turn               (no ring)

@: about to teleport, very slightly contaminated
A: large, rugged brown scales 3, see invisible, deformed body, roll 1, armoured
tail
a: Rolling Charge


You were on level 3 of the Dungeon.
You visited 1 branch of the dungeon, and saw 3 of its levels.

You collected 84 gold pieces.

Inventory:

Hand Weapons
 a - a +0 mace (weapon)
Missiles
 d - 5 boomerangs of dispersal (quivered)
 l - 54 stones
Armour
 b - a +0 leather armour (worn)
 i - a +0 leather armour
 j - a +0 chain mail
 m - a +1 helmet (worn)
 p - a +0 cloak (worn)
Jewellery
 s - a ring of willpower
Scrolls
 c - 2 scrolls of blinking
 e - a scroll of vulnerability {unknown}
 g - 2 scrolls of teleportation
 k - 2 scrolls of identify {unknown}
 q - a scroll of enchant armour {unknown}
 r - a scroll of immolation {unknown}
Potions
 f - a potion of berserk rage {unknown}
 h - a potion of haste {unknown}
 n - 3 potions of curing {unknown}
 o - a potion of mutation {unknown}
 t - a potion of flight {unknown}


   Skills:
 + Level 2.4 Fighting
 + Level 3.5 Maces & Flails
 + Level 0.6 Throwing
 + Level 1.7 Armour
 + Level 2.2 Dodging
 + Level 0.4 Stealth
 + Level 2.6 Spellcasting
 + Level 3.4 Translocations


You had 7 spell levels left.
You knew the following spells:

 Your Spells              Type           Power      Damage    Failure   Level
a - Blink                 Tloc           24%        N/A       10%         2

Your spell library contained the following spells:

 Spells                   Type           Power      Damage    Failure   Level
 Gell's Gravitas          Tloc           12%        N/A       19%         3
 Lesser Beckoning         Tloc           12%        N/A       19%         3
 Teleport Other           Tloc           12%        N/A       19%         3
 Manifold Assault         Tloc           12%        N/A       86%         5


Dungeon Overview and Level Annotations

Branches:
Dungeon (3/15)

Altars:

Annotations:
D:3 3 runed translucent doors, Ijyb; yahweh's ghost, amateur OpCj


Innate Abilities, Weirdness & Mutations

You are completely covered in rugged brown scales. (AC +3, +7% HP)
You have supernaturally acute eyesight. (SInv)
Armour fits poorly on your strangely shaped body.
You can roll at nearby foes to attack.
You have a long armoured tail.


Message History

Natasha claws you.
* * * LOW HITPOINT WARNING * * *
You closely miss Natasha.
Your tail-slap misses Natasha.
Natasha is severely wounded.
Natasha claws you.
* * * LOW HITPOINT WARNING * * *
You hit Natasha.
You kill Natasha!
You feel Natasha's spirit has finally been put to rest.
t - a bubbling silvery potion You start resting.
Magic restored.
You start resting.
Ijyb is nearby!
You now have 84 gold pieces (gained 4).
You start resting.
Ijyb is nearby!
Roll where?
Press: ? - help, Dir - move target, f - Ijyb
Aim: Ijyb, wielding a +3 spectral club, wearing a +0 chain mail of willpower and carrying a wand of acid (8) (wandering, hasn't noticed you)
You roll forward with a clatter of scales!
You thump Ijyb!
Ijyb is moderately wounded.
Ijyb hits you with a +3 spectral club. Ijyb hits you with a +3 spectral club!
* * * LOW HITPOINT WARNING * * *
Casting: Blink (safe; 10% risk of failure)
Confirm with . or Enter, or press ? or * to list all spells.
You miscast Blink.
You are very lightly contaminated with residual magic.
Nothing appears to happen.
Ijyb hits you with a +3 spectral club.
* * * LOW HITPOINT WARNING * * *
Casting: Blink (safe; 10% risk of failure)
Confirm with . or Enter, or press ? or * to list all spells.
You miscast Blink.
Nothing appears to happen.
Ijyb closely misses you.
As you read the scroll of teleportation, it crumbles to dust.
You feel strangely unstable. Ijyb hits you with a +3 spectral club.
* * * LOW HITPOINT WARNING * * *
Ijyb zaps a wand.
The bolt of acid hits you!!
Ouch! That really hurt!
You die...

#...#.###..###.#
#.##.######
#####..
#....#.####.##.#
..#
##........#.##.#
#.#
#.........>##.#
...
#...#.##.####.#
#.# #..>#.##.#
#.#
#.###g##.####.#
#......#......#
#####.@########
#..# #.)# ...#
#.... ...###
#...# #...


You could see Ijyb.

Vanquished Creatures
  Natasha (thrice) (D:3)
  Robin (D:2)
  4 adders
  2 dart slugs
  9 ball pythons
  4 endoplasms
  2 giant cockroaches (D:1)
  8 goblins
  5 hobgoblins
  2 quokkas
  4 bats (D:1)
  4 frilled lizards
  6 kobolds
  6 rats
60 creatures vanquished.

Notes
Turn   | Place    | Note
-------+----------+-------------------------------------------
     0 | D:1      | themarg the Palentonga Warper began the quest for the Orb.
     0 | D:1      | Reached XP level 1. HP: 17/17 MP: 3/3
    94 | D:1      | Reached skill level 1 in Armour
    96 | D:1      | Reached XP level 2. HP: 14/23 MP: 5/5
   769 | D:1      | Learned a level 2 spell: Blink
  1063 | D:2      | Reached XP level 3. HP: 27/28 MP: 6/6
  1395 | D:2      | Found a faded altar of an unknown god.
  1809 | D:2      | Noticed Robin
  1831 | D:2      | Killed Robin
  1832 | D:2      | Reached XP level 4. HP: 3/35 MP: 3/7
  2351 | D:3      | Noticed Natasha
  2354 | D:3      | Killed Natasha
  2426 | D:3      | Noticed yahweh's ghost (amateur OpCj)
  2451 | D:3      | Noticed Natasha
  2462 | D:3      | Killed Natasha
  2463 | D:3      | Reached XP level 5. HP: 17/41 MP: 8/8
  2742 | D:3      | Noticed a sky beast
  2770 | D:3      | Found a runed translucent gate.
  2770 | D:3      | Found a runed translucent gate.
  2770 | D:3      | Found a runed translucent gate.
  2828 | D:3      | Noticed Ijyb
  2941 | D:3      | Noticed Natasha
  2948 | D:3      | Killed Natasha
  3080 | D:3      | HP: 2/41 [Ijyb/+3 spectral club (3)]
  3083 | D:3      | Killed from afar by Ijyb

Illustrated notes

Levels and vault maps discovered:
D:1:      mrwooster_arrival_statue, layout_loops_ring
D:2:      layout_loops_ring, shapermc_ecumenical_altar_venn, uniq_robin
D:3:      layout_basic, mainiacjoe_overflow_catch_the_wave, gammafunk_ghost_icy,
          uniq_crazy_yiuf_cottage, uniq_natasha, uniq_ijyb

Skill      XL: |  1  2  3  4 |
---------------+-------------+-----
Armour         | 1 |  1.7
Maces & Flails | 3 |  3.5
Dodging        | 2 |  2.2
Fighting       | |  2.4
Throwing       | |  0.6
Stealth        | |  0.4
Spellcasting   | |  2.6
Translocations | |  3.4

Action                   |  1- 3 |  4- 6 || total
-------------------------+-------+-------++-------
Melee: Mace              |   100 |    88 ||   188
       Tailslap          |    13 |    11 ||    24
 Cast: Blink             |     2 |     8 ||    10
 Abil: Rolling Charge    |    32 |    18 ||    50
  Use: Scroll            |       |     2 ||     2
Armor: Leather armour    |    41 |    35 ||    76
Dodge: Dodged            |    55 |    33 ||    88
